 Dungeon Crawl Stone Soup version 0.28.0-53-g5a82cb258f (webtiles) character file.

Game seed: 8179578228669709700

548 Peloso the Slasher (level 7, 0/61 HPs)
             Began as a Minotaur Fighter on June 7, 2022.
             Slain by an ogre
             ... wielding a +0 giant spiked club
              (22 damage)
             ... on level 6 of the Dungeon.
             The game lasted 00:06:28 (4230 turns).

Peloso the Slasher (Minotaur Fighter)               Turns: 4230, Time: 00:06:29

Health: 0/61       AC: 11    Str: 20    XL:     7   Next: 7%
Magic:  6/6        EV:  8    Int:  5    God:
Gold:   163        SH:  5    Dex: 12    Spells: 6/6 levels left

rFire   . . .      SeeInvis .   a - +0 long sword
rCold   . . .      Faith    .   c - +0 buckler
rNeg    . . .      Spirit   .   v - +0 chain mail
rPois   .          Reflect  .   (helmet restricted)
rElec   .          Harm     .   (no cloak)
rCorr   +          Rampage  .   p - +0 pair of gloves
Will    .....                   (no boots)
Stlth   ..........              (no amulet)
HPRegen 0.20/turn               t - ring of resist corrosion
MPRegen 0.10/turn               (no ring)

@: studying Unarmed Combat
A: horns 2, retaliatory headbutt
a: no special abilities


You were on level 6 of the Dungeon.
You visited 1 branch of the dungeon, and saw 6 of its levels.

You collected 163 gold pieces.

Inventory:

Hand Weapons
 a - a +0 long sword (weapon)
Armour
 b - a +0 scale mail
 c - a +0 buckler (worn)
 p - a +0 pair of gloves (worn)
 v - a +0 chain mail (worn)
Jewellery
 t - a ring of resist corrosion (left hand)
 u - a ring of magical power
Wands
 w - a wand of acid (13)
 y - a wand of iceblast (11)
Scrolls
 e - 4 scrolls of teleportation
 f - a scroll of noise {unknown}
 g - 2 scrolls of amnesia {unknown}
 h - 2 scrolls of vulnerability {unknown}
 i - 2 scrolls of brand weapon {unknown}
 k - 2 scrolls of blinking
 q - a scroll of fog {unknown}
 s - a scroll of summoning {unknown}
 x - a scroll of torment {unknown}
Potions
 d - a potion of might
 j - a potion of heal wounds
 l - a potion of cancellation {unknown}
 m - a potion of degeneration {unknown}
 n - 3 potions of brilliance {unknown}
 o - 2 potions of curing
 r - 3 potions of berserk rage {unknown}
 z - a potion of flight {unknown}


   Skills:
 + Level 5.3 Fighting
 + Level 5.9 Long Blades
 + Level 5.6 Armour
 + Level 1.7 Dodging
 + Level 5.0 Shields


You had 6 spell levels left.
You didn't know any spells.
Your spell library contained the following spells:

 Spells                   Type           Power      Damage    Failure   Level
 Beastly Appendage        Tmut           0%         N/A       99%         1
 Static Discharge         Conj/Air       0%         N/A       100%        2
 Wereblood                Tmut           0%         N/A       100%        2
 Spider Form              Tmut/Pois      0%         N/A       100%        3
 Petrify                  Tmut/Erth      0%         N/A       100%        4
 Lightning Bolt           Conj/Air       0%         1d11      100%        5
 Metabolic Englaciation   Hex/Ice        0%         N/A       100%        5
 Statue Form              Tmut/Erth      0%         N/A       100%        6
 Maxwell's Capacitive Co  Air            0%         ∞         100%        8


Dungeon Overview and Level Annotations

Branches:
Dungeon (6/15)
 Temple: D:4-7

Altars:
Qazlal

Shops:
D:1 (

Annotations:
D:2 1 runed translucent door, Crazy Yiuf
D:5 3 runed translucent doors, CryoSword's ghost, novice DrCj


Innate Abilities, Weirdness & Mutations

You have a pair of horns on your head.
You reflexively headbutt those who attack you in melee.


Message History

You hit the quokka.
You kill the quokka!
The centaur shouts!
The jelly quivers.
Done exploring.
Done exploring.
Done exploring.
Done exploring.
Done exploring.
(D) Dungeon
Where to? (Enter - D:12, ? - help)
What level of the Dungeon? (default 1, ? - help)
There is a stone staircase leading down here.
You climb downwards.
You hear the sound of rushing water.
There is an entrance to a sewer on this level.
Hurry and find it before the portal rusts away!
There is a stone staircase leading up here.
z - an emerald potion You now have 163 gold pieces (gained 13).
An ogre comes into view. It is wielding a +0 giant spiked club.
The ogre shouts!
You slash the ogre!
The ogre is moderately wounded.
The ogre hits you with a +0 giant spiked club.
You completely miss the ogre.
You headbutt the ogre, but do no damage.
The ogre is moderately wounded.
The ogre hits you with a +0 giant spiked club!!
You closely miss the ogre.
The ogre is moderately wounded.
The ogre hits you with a +0 giant spiked club!
You barely miss the ogre.
The ogre is moderately wounded.
You slash the ogre! Your headbutt misses the ogre.
The ogre is severely wounded.
You block the ogre's attack.
You hit the ogre but do no damage.
The ogre is severely wounded.
The ogre hits you with a +0 giant spiked club!!
You die...

###### #.....
.....########## #
.............#.##
#..............#
#........@O....#
#.#<......#....#
#.........# ...#
##..####..# ..#
#.....#..# .#
#..##.#..# #
#.###.#..# # #.#
#.#..#
#.##.###.#..#


You could see an ogre.

Vanquished Creatures
  2 phantoms (D:4)
  2 water moccasin skeletons
  A bullfrog zombie (D:5)
  A hound (D:5)
  A jelly (D:5)
  A centaur skeleton (D:5)
  Robin (D:3)
  4 adders
  2 adder skeletons (D:4)
  3 worms
  4 dart slugs
  14 orcs
  12 ball pythons
  3 bats
  4 endoplasms
  A giant cockroach (D:2)
  15 goblins
  9 hobgoblins
  11 kobolds
  3 quokkas
  2 frilled lizards
  8 rats
  3 bushes (D:1)
107 creatures vanquished.

Vanquished Creatures (others)
  A fungus (D:2)
  30 plants (D:1)
31 creatures vanquished.

Grand Total: 138 creatures vanquished

Notes
Turn   | Place    | Note
-------+----------+-------------------------------------------
     0 | D:1      | Peloso the Minotaur Fighter began the quest for the Orb.
     0 | D:1      | Reached XP level 1. HP: 19/19 MP: 0/0
   265 | D:1      | Reached XP level 2. HP: 27/27 MP: 1/1
   391 | D:1      | Found Ronyz's Antique Weapon Boutique.
   952 | D:2      | Reached XP level 3. HP: 28/33 MP: 2/2
  1067 | D:2      | Found a runed translucent door.
  1068 | D:2      | Noticed Crazy Yiuf
  1442 | D:2      | Reached XP level 4. HP: 40/40 MP: 3/3
  2052 | D:3      | Reached XP level 5. HP: 45/46 MP: 4/4
  2129 | D:3      | Noticed Robin
  2140 | D:3      | Killed Robin
  2818 | D:4      | Reached skill level 5 in Armour
  2877 | D:4      | Found a stormy altar of Qazlal.
  3196 | D:4      | Reached skill level 5 in Long Blades
  3362 | D:4      | Reached XP level 6. HP: 55/55 MP: 5/5
  3463 | D:4      | Reached skill level 5 in Fighting
  3463 | D:4      | Reached skill level 1 in Dodging
  3740 | D:5      | Entered Level 5 of the Dungeon
  3747 | D:5      | Reached skill level 5 in Shields
  3904 | D:5      | Found a runed translucent gate.
  3905 | D:5      | Found a runed translucent gate.
  3951 | D:5      | Noticed CryoSword's ghost (novice DrCj)
  3960 | D:5      | Found a runed translucent gate.
  3979 | D:5      | Reached XP level 7. HP: 59/61 MP: 6/6
  4230 | D:6      | Slain by an ogre

Illustrated notes

Levels and vault maps discovered:
D:1:      roderic_crop_circles_arrival_small, layout_loops_ring, serial_shops,
          nicolae_shop_stone, lexackson_kobold_supper
D:2:      layout_loops_ring, st_stairs_4, dk_vineyard_2, uniq_crazy_yiuf_cottage
D:3:      layout_basic, uniq_robin
D:4:      layout_basic, nicolae_qazlal_general_emergency,
          minmay_misc_feat_columns, minmay_distorted
D:5:      layout_cave_pools, gammafunk_ghost_split
D:6:      layout_basic, portal_sewer_entry_d

Skill      XL: |  1  2  3  4  5  6 |
---------------+-------------------+-----
Armour         | 4 5 |  5.6
Shields        | 4 5 |  5.0
Fighting       | 4 5 |  5.3
Long Blades    | 3 4 5 |  5.9
Dodging        | 1 |  1.7

Action                   |  1- 3 |  4- 6 |  7- 9 || total
-------------------------+-------+-------+-------++-------
Melee: Long sword        |   264 |   156 |    11 ||   431
       Headbutt          |    80 |    25 |     2 ||   107
  Use: Scroll            |       |     4 |       ||     4
Armor: Scale mail        |    46 |    52 |       ||    98
       Chain mail        |       |    21 |     5 ||    26
Dodge: Dodged            |    53 |    62 |     1 ||   116
Block: Buckler           |    21 |    41 |     3 ||    65
